 Dungeon Crawl Stone Soup version 0.16.0-7-ge91f220 (webtiles) character file.

2487 esc the Skirmisher (level 9, -1/77 HPs)
             Began as a Centaur Fighter on Mar 15, 2015.
             Was a Priest of Trog.
             Slain by an orc warrior
             ... wielding a +0 glaive
              (20 damage)
             ... on level 7 of the Dungeon.
             The game lasted 00:18:31 (5681 turns).

esc the Skirmisher (Centaur Fighter)                Turns: 5681, Time: 00:18:31

Health: -1/77      AC: 10    Str: 19    XL:     9   Next: 27%
Magic:  7/7        EV:  7    Int:  7    God:    Trog [***...]
Gold:   280        SH:  9    Dex: 12    Spells: 0 memorised, 8 levels left

rFire  . . .     SeeInvis .     A - +1 long sword
rCold  + . .     Clarity  .     b - +0 scale mail
rNeg   . . .     SustAb   .     c - +0 shield
rPois  .         Gourm    .     y - +0 helmet
rElec  .         Spirit   .     (no cloak)
rCorr  .         Warding  .     f - +1 pair of gloves
rMut   .         Stasis   .     (no barding)
MR     .....                    (no amulet)
Stlth  ..........               (no ring)
                                g - ring of protection from cold

@: drained, very quick, not resistant to hostile enchantments, extremely
unstealthy
A: hooves 3, deformed body, speed 2, tough skin 3
a: Burn Spellbooks, Berserk, Trog's Hand, Renounce Religion


You were on level 7 of the Dungeon.
You worshipped Trog.
Trog was most pleased with you.
You were not hungry.

You visited 1 branch of the dungeon, and saw 7 of its levels.
You also visited: Sewer.

You collected 280 gold pieces.

Inventory:

Hand weapons
 v - a +0 blowgun
 A - a +1 long sword (weapon)
 B - a +0 scimitar
Missiles
 j - 12 stones (quivered)
 q - a tomahawk
 w - 20 poisoned needles
Armour
 b - a +0 scale mail (worn)
 c - a +0 shield (worn)
 f - a +1 pair of gloves (worn)
 y - a +0 helmet (worn)
Jewellery
 g - a ring of protection from cold (left hand)
 r - an uncursed ring of teleportation
Scrolls
 a - a scroll of remove curse
 h - 4 scrolls of identify
 i - a scroll of random uselessness
 k - a scroll of blinking
 o - a scroll of magic mapping
 u - a scroll of teleportation
Potions
 e - a potion of might
 m - 2 potions of agility
 n - a potion of restore abilities {unknown}
 p - 3 potions of heal wounds
 s - a potion of brilliance {unknown}
 t - 4 potions of curing
Comestibles
 d - 4 bread rations
 l - 2 chunks of flesh
 x - 2 meat rations


   Skills:
 + Level 6.3(5.7) Fighting
 + Level 5.1(4.6) Long Blades
 + Level 4.8(4.3) Armour
 + Level 4.1(3.5) Dodging
 + Level 4.8(4.3) Shields


You had 8 spell levels left.
You didn't know any spells.

Dungeon Overview and Level Annotations

Branches:
Dungeon (7/15)             Temple (0/1) D:5

Altars:
Elyvilon
Fedhas
Gozag
Nemelex Xobeh
Okawaru
Trog
Yredelemnul
Zin

Annotations:
D:4 exclusion: oklob plant


Innate Abilities, Weirdness & Mutations

You have hooves in place of feet.
Armour fits poorly on your strangely shaped body.
You cover ground very quickly.
You have extremely tough skin (AC +3).


Message History

The orc shouts! x3
The orc moves out of view.
You hit the orc warrior but do no damage.
You kick the orc warrior, but do no damage.
The orc warrior hits you with a glaive!!
You hit the orc warrior but do no damage.
The orc warrior hits you with a glaive.
You closely miss the orc warrior. The orc warrior hits you with a glaive!
You hit the orc warrior.
The orc warrior is lightly wounded.
You block the orc warrior's attack.
You hit the orc warrior but do no damage.
You kick the orc warrior, but do no damage.
The orc warrior is lightly wounded.
The orc warrior hits you with a glaive!
* * * LOW HITPOINT WARNING * * *
You hit the orc warrior. You kick the orc warrior.
The orc warrior is moderately wounded.
The orc warrior hits you with a glaive!!
You die...

#######.#<###)# #..g......
#.........))..###.........
#......).(.....##....g....
#......#.......##........
#......##...#..##.....g.
#...)..##...#..##......
#......##...#..######.
+......##...#..######
#......##...#>.@oo[.#
#..............##o#.#
#..######...#####...# #..
#... ##..# #.. #.( #o.#
####........# #..oo###...
#... ##..# #.o ?.#


You could see an orc warrior and 2 orcs.

Vanquished Creatures
  Grinder (D:5)
  Eustachio (D:5)
  A sky beast (D:6)
  An ogre (D:5)
  A centaur (D:6)
  6 big kobolds (Sewer)
  A giant frog (D:6)
  4 killer bees (D:3)
  A scorpion (D:4)
  2 goliath beetles
  8 wights (D:6)
  A hound (D:5)
  4 orc priests
  A centaur zombie (D:6)
  A crimson imp (D:6)
  4 orc wizards
  3 worker ants
  Ijyb (D:3)
  2 hound skeletons
  10 gnolls
  6 adders
  2 river rats
  6 worms
  An adder skeleton (D:5)
  2 giant geckos
  5 oozes (Sewer)
  16 orcs
  8 bats
  A bat skeleton (D:4)
  5 giant cockroaches
  12 goblins
  7 hobgoblins
  18 kobolds
  2 quokkas
  3 ball pythons
  A ball python skeleton (D:4)
  A giant cockroach zombie (D:5)
  2 giant newts
  3 jackals (D:5)
  17 rats
172 creatures vanquished.

Notes
Turn   | Place    | Note
--------------------------------------------------------------
     0 | D:1      | esc, the Centaur Fighter, began the quest for the Orb.
     0 | D:1      | Reached XP level 1. HP: 19/19 MP: 1/1
   224 | D:1      | Reached XP level 2. HP: 26/26 MP: 2/2
   622 | D:2      | Found a white marble altar of Elyvilon.
   887 | D:2      | Reached XP level 3. HP: 29/31 MP: 3/3
  1288 | D:3      | Found a glowing silver altar of Zin.
  1397 | D:3      | Noticed Ijyb
  1404 | D:3      | Killed Ijyb
  1404 | D:3      | Reached skill level 1 in Dodging
  1404 | D:3      | Reached XP level 4. HP: 34/38 MP: 3/3
  1525 | D:3      | Found a bloodstained altar of Trog.
  1544 | D:3      | Found a sparkling altar of Nemelex Xobeh.
  1544 | D:3      | Found an opulent altar of Gozag.
  1546 | D:3      | Became a worshipper of Trog the Wrathful
  1647 | D:3      | Reached XP level 5. HP: 42/46 MP: 4/4
  1657 | D:3      | Reached skill level 4 in Fighting
  1657 | D:3      | Reached XP level 6. HP: 50/52 MP: 5/5
  2251 | D:4      | Found a blossoming altar of Fedhas.
  2268 | D:4      | Noticed an oklob plant
  2392 | D:4      | Found a glowing drain.
  2453 | Sewer    | Entered a sewer
  2617 | Sewer    | Acquired Trog's first power
  2640 | Sewer    | Reached XP level 7. HP: 60/60 MP: 5/5
  3495 | D:4      | Acquired Trog's second power
  3501 | D:4      | Reached skill level 5 in Fighting
  3672 | D:5      | Entered Level 5 of the Dungeon
  3694 | D:5      | Reached XP level 8. HP: 53/68 MP: 6/6
  3859 | D:5      | Noticed Eustachio
  4504 | D:6      | Found a basalt altar of Yredelemnul.
  4739 | D:6      | Found an iron altar of Okawaru.
  5003 | D:5      | Found a staircase to the Ecumenical Temple.
  5098 | D:5      | Killed Eustachio
  5098 | D:5      | Reached skill level 6 in Fighting
  5098 | D:5      | Reached XP level 9. HP: 50/75 MP: 7/7
  5295 | D:5      | Noticed Grinder
  5313 | D:5      | Killed Grinder
  5313 | D:5      | Reached skill level 5 in Long Blades
  5681 | D:7      | Slain by an orc warrior

Action                   |  1- 3 |  4- 6 |  7- 9 || total
-------------------------+-------+-------+-------++-------
Melee: Long sword        |    43 |       |   176 ||   219
       Mace              |    53 |   120 |    99 ||   272
       Flail             |       |       |    56 ||    56
       Scimitar          |       |       |    33 ||    33
 Fire: Blowgun           |       |       |     4 ||     4
Throw: Stone             |       |     3 |       ||     3
Invok: Burn Spellbooks   |       |       |     2 ||     2
       Trog's Hand       |       |       |     1 ||     1
  Use: Scroll            |    10 |     4 |     6 ||    20
       Potion            |       |     2 |     1 ||     3
  Eat: Chunk             |     1 |     3 |     4 ||     8
       Bread ration      |       |       |     1 ||     1
       Pizza             |       |       |     1 ||     1
